 Dungeon Crawl Stone Soup version 0.28-a0-750-g7c675f85b1 (webtiles) character file.

Game seed: 16927573046007702759

19 ytrimaz the Stinger (level 2, 0/17 HPs)
             Began as an Octopode Venom Mage on Oct 30, 2021.
             Slain by a jackal (2 damage)
             ... on level 1 of the Dungeon.
             The game lasted 00:02:29 (467 turns).

ytrimaz the Stinger (Octopode Venom Mage)            Turns: 467, Time: 00:02:30

Health: 0/17       AC:  1    Str:  7    XL:     2   Next: 75%
Magic:  0/5        EV: 13    Int: 17    God:
Gold:   23         SH:  0    Dex: 18    Spells: 4/5 levels left

rFire   . . .      SeeInvis .   (no weapon)
rCold   . . .      Faith    .   (no shield)
rNeg    . . .      Spirit   .   (helmet restricted)
rPois   .          Reflect  .   (no amulet)
rElec   .          Harm     .   b - +6 ring of dexterity
rCorr   .          Rampage  .   (no ring)
Will    .....                   (no ring)
Stlth   +++.......              (no ring)
HPRegen 0.05/turn               (no ring)
MPRegen 0.09/turn               (no ring)
                                (no ring)
                                (no ring)

@: no status effects
A: almost no armour, amphibious, 8 rings, camouflage 1, gelatinous body 1,
(nimble swimmer 1), tentacles
a: no special abilities


You were on level 1 of the Dungeon.
You visited 1 branch of the dungeon, and saw 1 of its levels.

You collected 23 gold pieces.

Inventory:

Jewellery
 b - a +6 ring of dexterity (left tentacle)
Scrolls
 c - a scroll of identify
Potions
 a - a potion of curing {unknown}


   Skills:
 + Level 2.1 Dodging
 + Level 3.0 Stealth
 + Level 2.2 Spellcasting
 + Level 1.2 Transmutations
 + Level 4.1 Poison Magic


You had 4 spell levels left.
You knew the following spells:

 Your Spells              Type           Power      Damage    Failure   Level
a - Sting                 Tmut/Pois      44%        1d5       6%          1

Your spell library contained the following spells:

 Spells                   Type           Power      Damage    Failure   Level
 Poisonous Vapours        Pois/Air       16%        N/A       12%         2
 Mephitic Cloud           Conj/Pois/Air  6%         N/A       32%         3
 Olgreb's Toxic Radiance  Pois           16%        N/A       34%         4


Dungeon Overview and Level Annotations

Branches:
Dungeon (1/15)

Altars:


Innate Abilities, Weirdness & Mutations

You cannot wear most types of armour.
You are amphibious.
You can wear up to eight rings at the same time.
Your skin changes colour to match your surroundings (Stealth+).
Your rubbery body absorbs attacks. (AC +1, EV +1)
((You are camouflaged near water. (Stealth+)))
You have tentacles for arms and can constrict up to eight enemies at once.


Message History

Aim: a jackal (64% to hit)
The sting hits the jackal.
The jackal is poisoned.
The jackal is moderately wounded.
The jackal closely misses you. The jackal completely misses you.
The jackal closely misses you.
You kill the jackal!
Your Stealth skill increases to level 3!
The jackal misses you. The jackal barely misses you.
Casting: Sting (safe; 6% risk of failure)
Confirm with . or Enter, or press ? or * to list all spells.
Aiming: Sting (safe; 6% risk of failure)
Press: ? - help, Shift-Dir - straight line, f - jackal
Aim: a jackal (64% to hit)
You miscast Sting.
You are very lightly contaminated with residual magic.
Nothing appears to happen.
The jackal barely misses you. The jackal bites you.
* * * LOW HITPOINT WARNING * * *
The jackal closely misses you. The jackal bites you.
* * * LOW HITPOINT WARNING * * *
Your magical contamination has completely faded away.
Things that are here:
a +0 club; a goblin corpse
Casting: Sting (safe; 6% risk of failure)
Confirm with . or Enter, or press ? or * to list all spells.
You don't know that spell.
The jackal bites you but does no damage.
The jackal barely misses you.
Casting: Sting (safe; 6% risk of failure)
Confirm with . or Enter, or press ? or * to list all spells.
Aiming: Sting (safe; 6% risk of failure)
Press: ? - help, Shift-Dir - straight line, f/p - jackal
Aim: a jackal (64% to hit)
The sting hits the jackal.
The jackal is poisoned.
The jackal is heavily wounded.
The jackal closely misses you. The jackal bites you.
You die...

#................#..###.......
#.......†........#......#....#
#...................########.#
#................#.###### #.#
#...........)............. ..
#................#.####### ..
##.......####K...#.# .........
#h###### ....... #@# ......
#...# ..g ###...# ...# #...
.#.. # #


You could see a jackal (poisoned) and a kobold.

Vanquished Creatures
  A goblin (D:1)
  2 hobgoblins (D:1)
  6 jackals (D:1)
  2 kobolds (D:1)
  4 ball pythons (D:1)
  A frilled lizard (D:1)
  A rat (D:1)
17 creatures vanquished.

Notes
Turn   | Place    | Note
-------+----------+-------------------------------------------
     0 | D:1      | ytrimaz the Octopode Venom Mage began the quest for the
                  | Orb.
     0 | D:1      | Reached XP level 1. HP: 11/11 MP: 3/3
   158 | D:1      | Reached XP level 2. HP: 8/17 MP: 1/5
   414 | D:1      | Reached skill level 4 in Poison Magic
   467 | D:1      | Slain by a jackal

Illustrated notes

Levels and vault maps discovered:
D:1:      lightli_arrival_statuegarden, layout_rooms, minmay_misc_feat_alley

Skill      XL: |  1  2 |
---------------+-------+-----
Poison Magic   | 4 |  4.1
Stealth        | 3 |  3.0
Dodging        | |  2.1
Spellcasting   | |  2.2
Transmutations | |  1.2

Action                   || total
-------------------------++-------
Melee: Unarmed           ||     3
       Constrict         ||     1
       Tentacles         ||     1
 Cast: Sting             ||    25
  Use: Scroll            ||     2
Armor: Skin              ||     1
Dodge: Dodged            ||    32

Table legend: (Time is in decaauts)
 A = Elapsed time spent in this place.
 B = Non-inter-level travel time spent in this place.
 C = Inter-level travel time spent in this place.
 D = Time resting spent in this place.
 E = Time spent auto-exploring this place.
 F = Levels seen in this place.
 G = Mean time per level.
                   A        B        C        D        E       F      G
               +--------+--------+--------+--------+--------+-----+--------+
         Total |    466 |    460 |      6 |     83 |    205 |   1 |  466.0 |
       Dungeon |    466 |    460 |      6 |     83 |    205 |   1 |  466.0 |
               +--------+--------+--------+--------+--------+-----+--------+

Top non-repeatable levels by time:
     D:1: 466 daAuts
